 Dungeon Crawl Stone Soup version 0.32-a0-39-g5c88369fb2 (webtiles) character file.

Game seed: 6008465404318976966

385 Eptagon the Changeling (level 6, -4/41 HPs)
             Began as an Octopode Shapeshifter on Feb 5, 2024.
             Was an Initiate of Cheibriados.
             Killed from afar by a white imp (14 damage)
             ... with a puff of frost
             ... on level 5 of the Dungeon.
             The game lasted 00:06:30 (3350 turns).

Eptagon the Changeling (Octopode Shapeshifter)      Turns: 3350, Time: 00:06:31

Health: -4/41      AC:  1    Str: 21    XL:     6   Next: 77%
Magic:  15/16      EV: 14    Int: 13    God:    Cheibriados [......]
Gold:   258        SH:  0    Dex: 14    Spells: 5/5 levels left

rFire   . .          .
                       - Unarmed
rCold   . . .        (no shield)
rNeg    . . .        (helmet currently unavailable)
rPois   .            (no amulet)
rElec   .            j - ring of magical power
rCorr   .            n - +6 ring of strength
SInv    .            (no ring)
Will    .....        (no ring)
Stlth   ++           (no ring)
HPRegen 0.26/turn    (no ring)
MPRegen 0.15/turn    (no ring)
                     (no ring)

%: no passive effects
@: beast-form, very slow
A: beast (slay +2), almost no armour, amphibious, 8 rings, camouflage 1,
gelatinous body 1, (nimble swimmer 1), tentacles
a: Begin Untransformation, Renounce Religion


You were on level 5 of the Dungeon.
You worshipped Cheibriados.
Cheibriados was noncommittal.
You were a hulking beast.
You visited 1 branch of the dungeon, and saw 5 of its levels.

You collected 258 gold pieces.

Inventory:

Hand Weapons
 a - a +0 sling
 c - a +0 broad axe
Missiles
 g - 6 poisoned darts (quivered)
Jewellery
 j - a ring of magical power (left tentacle)
 n - a +6 ring of strength (right tentacle)
 s - a ring of ice
Talismans
 b - a flux talisman
 o - a beast talisman
Wands
 t - a wand of mindburst (16)
Scrolls
 e - 3 scrolls of teleportation {unknown}
 f - 8 scrolls of identify {unknown}
 i - a scroll of blinking {unknown}
 k - a scroll of revelation {unknown}
 l - a scroll of fog {unknown}
 q - a scroll of enchant weapon {unknown}
 v - a scroll of poison {unknown}
 w - a scroll of fear {unknown}
Potions
 d - a potion of berserk rage {unknown}
 h - a potion of lignification
 m - a potion of haste {unknown}
 p - 2 potions of heal wounds {unknown}
 r - a potion of mutation {unknown}
 u - a potion of might {unknown}


   Skills:
 + Level 2.9 Fighting
 + Level 3.4 Dodging
 + Level 4.1 Unarmed Combat
 + Level 1.3 Invocations
 * Level 4.8 Shapeshifting


You had 5 spell levels left.
You didn't know any spells.
Your spell library contained the following spells:

 Spells                   Type           Power      Damage    Failure   Level
 Shock                    Conj/Air       0%         1d3       30%         1
 Slow                     Hex            0%         N/A       30%         1
 Confusing Touch          Hex            0%         N/A       67%         3
 Fugue of the Fallen      Necr           0%         N/A       67%         3
 Ozocubu's Armour         Ice            0%         N/A       67%         3
 Sigil of Binding         Hex            0%         N/A       67%         3
 Vampiric Draining        Necr           0%         2d6       67%         3
 Manifold Assault         Tloc           0%         N/A       97%         4


Dungeon Overview and Level Annotations

Branches:
Dungeon (5/15)
 Temple: D:4-7

Altars:
Cheibriados
Xom
Zin


Innate Abilities, Weirdness & Mutations

You are a hulking beast.
Your limbs bulge with bestial killing power. (Slay +2)
You cannot wear most types of armour.
You are amphibious.
You can wear up to eight rings at the same time.
Your skin changes colour to match your surroundings (Stealth+).
Your rubbery body absorbs attacks. (AC +1, EV +1)
((You are camouflaged when in or above water. (Stealth+)))
You have tentacles for arms and can constrict up to eight enemies at once.


Message History

There is an entrance to a sewer on this level.
Hurry and find it before the portal rusts away!
There is a stone staircase leading up here.
A black bear comes into view.
You are now empty-tentacled.
The black bear growls angrily.
You hear a bark!
A white imp comes into view.
You tentacle-slap the black bear. Your grab misses the black bear.
The black bear is lightly wounded.
The black bear bites you but does no damage.
The black bear claws you. x2
You tentacle-slap the black bear. You grab the black bear.
The black bear is moderately wounded.
You constrict the black bear. The black bear bites you.
The black bear misses you. The black bear claws you.
You bludgeon the black bear!
The black bear is heavily wounded.
You constrict the black bear. The white imp misses you.
The black bear bites you. The black bear claws you. The black bear misses you.
You tentacle-slap the black bear but do no damage.
You squeeze the black bear!
You kill the black bear!
Cheibriados appreciates the change of pace.
The white imp gestures at you. The puff of frost hits you.
Your Invocations skill increases to level 1!
You closely miss the white imp. Your grab misses the white imp.
The white imp shouts, "Crawl home, thou clouted dizzy-eyed strumpet!"
The white imp hits you. The white imp freezes you.
You barely miss the white imp. You grab the white imp.
You constrict the white imp. The white imp gestures at you.
The puff of frost hits you!
* * * LOW HITPOINT WARNING * * *
You tentacle-slap the white imp but do no damage.
Your squeeze misses the white imp.
The white imp is moderately wounded.
You constrict the white imp. The white imp gestures at you.
The puff of frost hits you!
You die...

. # #. .#. #
... ##. ##.#
... ..##
#.#######†5##.#
#..#...#.h....#
#.......####.#
###.##### #.#
######.#
#.....<#
#.######


You could see a white imp.

Vanquished Creatures
  A water moccasin (D:4)
  A black bear (D:5)
  A scorpion (D:3)
  An orc priest (D:3)
  An orc wizard (D:4)
  A dart slug (D:3)
  A ribbon worm (D:2)
  5 orcs
  3 ball pythons
  4 bats
  3 endoplasms
  4 giant cockroaches
  6 goblins
  7 hobgoblins
  4 jackals (D:3)
  2 quokkas (D:1)
  4 frilled lizards (D:1)
  3 kobolds
  19 rats
71 creatures vanquished.

Notes
Turn   | Place    | Note
-------+----------+-------------------------------------------
     0 | D:1      | Eptagon the Octopode Shapeshifter began the quest for the
                  | Orb.
     0 | D:1      | Reached XP level 1. HP: 13/13 MP: 1/1
   247 | D:1      | Reached XP level 2. HP: 12/18 MP: 2/2
   629 | D:1      | Reached XP level 3. HP: 23/23 MP: 3/3
  1648 | D:3      | Found a shimmering altar of Xom.
  1651 | D:3      | Found a shimmering altar of Xom.
  1839 | D:3      | Found a faded altar of an unknown god.
  1848 | D:3      | Got Plato's Incunable of the Barrage
  2060 | D:3      | Reached XP level 4. HP: 29/29 MP: 4/4
  2259 | D:3      | Noticed a scorpion
  2269 | D:3      | Killed a scorpion
  2270 | D:3      | Reached XP level 5. HP: 2/35 MP: 5/5
  2806 | D:4      | Found a glowing silver altar of Zin.
  2818 | D:4      | Found a snail-covered altar of Cheibriados.
  2857 | D:4      | Became a worshipper of Cheibriados the Contemplative
  2957 | D:4      | Noticed a water moccasin
  2965 | D:4      | Killed a water moccasin
  2966 | D:4      | Reached XP level 6. HP: 16/41 MP: 6/6
  3332 | D:5      | Entered Level 5 of the Dungeon
  3341 | D:5      | Noticed a black bear
  3347 | D:5      | Killed a black bear
  3348 | D:5      | Reached skill level 1 in Invocations
  3350 | D:5      | Killed from afar by a white imp

Illustrated notes

Levels and vault maps discovered:
D:1:      minmay_arrival_split_and_join, layout_basic, serial_bayou_ford_a,
          minmay_rat_gold_closets
D:2:      layout_basic
D:3:      layout_loops_cross, xom_redecorated,
          shapermc_ecumenical_altar_rom_forum
D:4:      layout_basic, mainiacjoe_overflow_catch_the_wave, serial_corexii_hall,
          corexii_hall_statues_t, chequers_hall_statues_corner_a,
          grunt_decor_arrowhead
D:5:      layout_loops_ring, kennysheep_vampire_church, gup_sewer_entry_bowl,
          minmay_between

Skill      XL: |  1  2  3  4  5  6 |
---------------+-------------------+-----
Fighting       | 2 |  2.9
Shapeshifting  | 4 |  4.8
Dodging        | 3 |  3.4
Unarmed Combat | 4 |  4.1
Invocations    | 1 |  1.3

Action                     |  1- 3 |  4- 6 || total
---------------------------+-------+-------++-------
  Melee: Unarmed           |    71 |    47 ||   118
         Constrict         |    15 |     9 ||    24
         Tentacles         |     8 |     9 ||    17
         Broad axe         |     3 |       ||     3
         Punch             |       |     1 ||     1
   Fire: Sling             |    19 |    17 ||    36
    Use: Potion            |       |     1 ||     1
   Stab: Sleeping          |    10 |     1 ||    11
 Armour: Skin              |    27 |    31 ||    58
  Dodge: Dodged            |    30 |    15 ||    45

Table legend: (Time is in decaauts)
 A = Elapsed time spent in this place.
 B = Non-inter-level travel time spent in this place.
 C = Inter-level travel time spent in this place.
 D = Time resting spent in this place.
 E = Time spent auto-exploring this place.
 F = Levels seen in this place.
 G = Mean time per level.
                   A        B        C        D        E       F      G
               +--------+--------+--------+--------+--------+-----+--------+
         Total |   3432 |   3263 |    169 |      0 |   2819 |   5 |  686.4 |
       Dungeon |   3432 |   3263 |    169 |      0 |   2819 |   5 |  686.4 |
               +--------+--------+--------+--------+--------+-----+--------+

Top non-repeatable levels by time:
     D:1: 1187 daAuts
     D:4: 1028 daAuts
     D:3: 758 daAuts
     D:2: 438 daAuts
     D:5: 19 daAuts
